 Dungeon Crawl Stone Soup version 0.14.1-1-g650416f (webtiles) character file.

933 Eyesburn the Ruinous (level 7, -1/50 HPs)
             Began as a Hill Orc Wizard on May 1, 2014.
             Slain by Duvessa
             ... wielding a +0,+1 short sword of distortion
              (21 damage)
             ... on Level 5 of the Dungeon.
             The game lasted 00:59:38 (9695 turns).

Eyesburn the Ruinous (Hill Orc Wizard)              Turns: 9695, Time: 00:59:40

HP  -1/50        AC 11     Str 11      XL: 7   Next: 89%
MP   7/17        EV 12     Int 18      God:
Gold 137         SH  0     Dex 10      Spells:  7 memorised,  0 levels left

rFire  . . .     SeeInvis +     n - +2 hand axe
rCold  . . .     Clarity  .     F - +0 robe {MR+}
rNeg   + . .     Conserve .     (no shield)
rPois  .         rCorr    .     M - +0 helmet {SInv}
rElec  .         rRot     .     G - +0 cloak
SustAb . .       Spirit   .     (no gloves)
rMut   .         Warding  .     r - +2 pair of boots
Saprov + . .     Stasis   .     (no amulet)
MR     +....                    a - ring of positive energy
                                h - +4 ring of protection

@: somewhat resistant to hostile enchantments, unstealthy
A: saprovore 1
a: no special abilities


You were on level 5 of the Dungeon.
You were not hungry.

You visited 2 branches of the dungeon, and saw 7 of its levels.

You collected 137 gold pieces.

Inventory:

Hand weapons
 b - a +0,+0 dire flail
 n - a +2,+2 hand axe (weapon)
 t - a +0 blowgun
Missiles
 e - 5 tomahawks of returning (quivered)
 f - 2 throwing nets
 y - 34 poisoned needles
Armour
 k - a +1 leather armour
 r - a +2 pair of boots (worn)
 F - a +0 robe of magic resistance (worn)
 G - a +0 cloak (worn)
 M - a +0 helmet of see invisible (worn)
Magical devices
 x - a wand of digging (17)
 D - a wand of polymorph (0)
 J - a wand of enslavement (13)
Comestibles
 d - 3 meat rations
 g - a chunk of rat flesh
 m - 4 bread rations
 q - 2 chokos
 A - a chunk of hound flesh
Scrolls
 i - a scroll of fear
 j - a scroll of identify
 l - 2 scrolls of enchant weapon I
 s - 3 scrolls of fog
 w - 2 scrolls of teleportation
 B - a scroll of remove curse
 C - 2 scrolls of magic mapping
 E - 2 scrolls of blinking
Jewellery
 a - a ring of positive energy (right hand)
 h - a +4 ring of protection (left hand)
 H - an uncursed amulet of faith
Potions
 o - 3 potions of heal wounds
 p - a potion of haste
 u - a potion of flight
 v - a potion of resistance {unknown}
 z - 3 potions of curing
 I - a potion of brilliance {unknown}
Books
 c - a book of Minor Magic

   Spells                             Type                      Level
   *Magic Dart                        Conjuration                  1
   *Blink                             Translocation                2
   *Call Imp                          Summoning                    2
   *Repel Missiles                    Charms/Air                   2
   *Slow                              Hexes                        2
   *Conjure Flame                     Conjuration/Fire             3
   *Mephitic Cloud                    Conjuration/Poison/Air       3


   Skills:
 - Level 1.5 Dodging
 - Level 1.5 Stealth
 - Level 4.5 Spellcasting
 + Level 5.2 Conjurations
 + Level 0.0 Charms
 - Level 4.4 Summonings
 - Level 0.7 Translocations


You couldn't memorise any spells.
You knew the following spells:

 Your Spells              Type           Power        Failure   Level  Hunger
a - Magic Dart            Conj           ###.         1%          1    None
b - Blink                 Tloc           N/A          17%         2    #......
c - Call Imp              Summ           ###.....     3%          2    #......
d - Repel Missiles        Chrm/Air       #.....       21%         2    #......
e - Conjure Flame         Conj/Fire      ##......     17%         3    ###....
f - Mephitic Cloud        Conj/Pois/Air  ##......     24%         3    ###....
g - Slow                  Hex            #.......     21%         2    #......


Dungeon Overview and Level Annotations

Branches:
Dungeon (6/15)             Temple (1/1) D:4

Altars:
Ashenzari
Cheibriados
Dithmenos
Fedhas
Sif Muna
Xom
Yredelemnul
Zin

Annotations:
D:5 Dowan, Duvessa, Eustachio


Innate Abilities, Weirdness & Mutations

You can tolerate rotten meat.


Message History

Your crimson imp hits Duvessa.
Your white imp barely misses Duvessa.
Casting: Call Imp
Confirm with . or Enter, or press ? or * to list all spells.
Aiming: Conjure Flame
Press: ? - help, Dir - move target cursor, p - Duvessa The fire roars!
Duvessa closely misses your white imp.
Dowan laughs at you. "Don't get delusional, you can't win!"
Your white imp hits Duvessa.
Your white imp freezes Duvessa.
Your crimson imp hits Duvessa.
Duvessa hits your white imp with a short sword of distortion.
Your white imp disappears!
Dowan barely misses your crimson imp.
You hit Duvessa.
Duvessa is almost dead.
Duvessa hits you but does no damage.
You blink.
Your crimson imp closely misses Duvessa.
Duvessa hits you with a short sword of distortion.
* * * LOW HITPOINT WARNING * * *
Space warps horribly around you!
You die...

.........##.............##.....
.........##....(...............
.........##.............#......
............5...........# .l.
.......5.#..e...........# .
.........##.............# .
#####e######§############ . #.#
#.##### . #.# #...e@##### #.#
#####5e§..# #.# #######'## #.#
#........# ######## #.#
#........####....... #.#
#........'.##....... #.#
#........#.##....... #.#
#........#..#....... ##.#
#........##.+.......


You could see Duvessa, Dowan and a friendly crimson imp.

Vanquished Creatures
  An ogre (D:4)
  A phantom (D:5)
  2 hounds
  A jelly (D:3)
  Natasha (thrice) (D:3)
  A gnoll (D:3)
  6 adders
  A gnoll skeleton (D:5)
  A worm (D:3)
  4 giant geckos
  An ooze (D:1)
  10 orcs
  2 ball pythons (D:4)
  19 bats
  7 giant cockroaches
  11 goblins
  7 hobgoblins
  11 jackals
  21 kobolds
  4 giant newts
  A goblin skeleton (D:3)
  9 rats
  A rat skeleton (D:5)
125 creatures vanquished.

Vanquished Creatures (collateral kills)
  Edmund (D:4)
  2 ice beasts
  3 scorpions
  An orc priest (D:4)
  An iguana (D:4)
  Terence (D:3)
  3 adders
  2 gnolls (D:3)
  A green rat (D:5)
  2 orcs (D:4)
  A ball python (D:4)
  2 bats
  A hobgoblin (D:3)
  A quokka (D:3)
  2 orc skeletons (D:4)
  A rat (D:2)
25 creatures vanquished.

Vanquished Creatures (others)
  5 crimson imps
  9 shadow imps
  5 white imps
19 creatures vanquished.

Grand Total: 169 creatures vanquished

Notes
Turn   | Place    | Note
--------------------------------------------------------------
     0 | D:1      | Eyesburn, the Hill Orc Wizard, began the quest for the Orb.
     0 | D:1      | Reached XP level 1. HP: 14/14 MP: 3/3
    53 | D:1      | Huge Dmg: 4 dmg
  1162 | D:1      | Huge Dmg: 3 dmg
  1260 | D:1      | Huge Dmg: 5 dmg
  1272 | D:1      | Reached XP level 2. HP: 12/20 MP: 0/5
  1602 | D:1      | Reached skill level 3 in Spellcasting
  1701 | D:1      | Learned a level 2 spell: Blink
  1704 | D:1      | Learned a level 2 spell: Call Imp
  1707 | D:1      | Learned a level 2 spell: Repel Missiles
  1747 | D:1      | Huge Dmg: 4 dmg
  1751 | D:1      | Huge Dmg: 3 dmg
  2031 | D:1      | Reached XP level 3. HP: 16/26 MP: 3/7
  2036 | D:1      | Huge Dmg: 2 dmg
  2851 | D:2      | Huge Dmg: 4 dmg
  2852 | D:2      | Huge Dmg: 3 dmg
  3337 | D:2      | Huge Dmg: 4 dmg
  3339 | D:2      | Reached XP level 4. HP: 15/33 MP: 1/9
  3362 | D:2      | Huge Dmg: 3 dmg
  4066 | D:2      | Found a basalt altar of Yredelemnul.
  4569 | D:3      | Reached XP level 5. HP: 38/38 MP: 0/11
  4733 | D:3      | Noticed Natasha
  4783 | D:3      | Killed Natasha
  4826 | D:3      | Noticed an ice beast
  4854 | D:3      | Killed an ice beast
  4854 | D:3      | Reached skill level 4 in Summonings
  4985 | D:3      | Noticed Natasha
  5048 | D:3      | Killed Natasha
  5048 | D:3      | Reached XP level 6. HP: 42/45 MP: 8/12
  5088 | D:3      | Noticed Natasha
  5102 | D:3      | Killed Natasha
  5123 | D:3      | Learned a level 3 spell: Conjure Flame
  5394 | D:3      | Noticed Terence
  5433 | D:3      | Killed Terence
  6094 | D:3      | Huge Dmg: 13 dmg
  6099 | D:3      | Upgraded the game from 0.14.1 to 0.14.1-1-g650416f
  6122 | D:3      | Huge Dmg: 11 dmg
  7132 | D:4      | Found a staircase to the Ecumenical Temple.
  7136 | D:4      | Noticed Edmund
  7248 | D:4      | Huge Dmg: 7 dmg
  7249 | D:4      | Killed Edmund
  7249 | D:4      | Reached XP level 7. HP: 23/50 MP: 3/15
  7681 | Temple   | Entered the Ecumenical Temple
  8692 | D:4      | Learned a level 3 spell: Mephitic Cloud
  8900 | D:5      | Entered Level 5 of the Dungeon
  8935 | D:5      | Reached skill level 5 in Conjurations
  9165 | D:5      | Noticed Eustachio
  9168 | D:5      | Noticed Duvessa
  9168 | D:5      | Noticed Dowan
  9644 | D:5      | Learned a level 2 spell: Slow
  9692 | D:5      | Huge Dmg: 12 dmg
  9695 | D:5      | Slain by Duvessa

Action                   |  1- 3 |  4- 6 |  7- 9 || total
-------------------------+-------+-------+-------++-------
Melee: Unarmed           |     4 |       |       ||     4
       Short sword       |    17 |       |       ||    17
       Hand axe          |    91 |   112 |    44 ||   247
       Spear             |       |     5 |       ||     5
 Cast: Magic Dart        |    83 |   130 |    63 ||   276
       Call Imp          |     2 |    38 |    24 ||    64
       Blink             |     1 |     6 |       ||     7
       Conjure Flame     |       |     1 |     2 ||     3
Evoke: Wand              |       |     1 |       ||     1
  Use: Scroll            |     5 |     8 |     3 ||    16
       Potion            |     2 |       |       ||     2
 Stab: Distracted        |       |     1 |       ||     1
